 Dungeon Crawl Stone Soup version 0.30-a0-634-g8abc85282e (webtiles) character file.

Game seed: 10820291723444335505

3311 kae the Changer (level 9, -2/59 HPs)
             Began as a Demonspawn Transmuter on Jan 14, 2023.
             Was an Initiate of Ru.
             Slain by a gnoll sergeant
             ... wielding a +2 trident of venom
              (14 damage)
             ... on level 5 of the Dungeon.
             The game lasted 00:10:15 (7677 turns).

kae the Changer (Demonspawn Transmuter)             Turns: 7677, Time: 00:10:15

Health: -2/59      AC:  2    Str: 12    XL:     9   Next: 70%
Magic:  13/17      EV: 15    Int: 17    God:    Ru [......]
Gold:   579        SH:  0    Dex: 10    Spells: 9/19 levels left

rFire   . . .      SeeInvis .    l - +6 long sword of Cataclysm {freeze, +Blink rC+++ Will- Dex-4}
rCold   + + +      Faith    .    (no shield)
rNeg    . . .      Spirit   .    a - +0 robe
rPois   .          Reflect  .    (no helmet)
rElec   .          Harm     .    (no cloak)
rCorr   .          Rampage  .    (no gloves)
Will    .....                    (no boots)
Stlth   +                        A - amulet of the acrobat
HPRegen 0.29/turn                Y - +4 ring of slaying
MPRegen 0.15/turn                C - ring of protection from cold

@: mighty, weakened, very slightly contaminated
A: repulsion field 2, foul stench 1, no potion heal 1, demonic magic 1, weakness
stinger 2
a: Renounce Religion, Evoke Blink


You were on level 5 of the Dungeon.
You worshipped Ru.
Ru was noncommittal.
You visited 2 branches of the dungeon, and saw 9 of its levels.
You also visited: Sewer.

You collected 579 gold pieces.


Innate Abilities, Weirdness & Mutations

You are surrounded by a moderate repulsion field. (EV +3)
You may rarely emit foul miasma when damaged in melee.
Potions are less effective at restoring your health.
Spells you cast may paralyse adjacent enemies.
You have a tail ending in a sharp stinger.


   Skills:
 - Level 1.0 Fighting
 - Level 1.7 Dodging
 + Level 6.0 Unarmed Combat
 + Level 5.5 Spellcasting
 * Level 7.8 Transmutations
 * Level 6.3 Ice Magic
 - Level 1.7 Poison Magic


You had 9 spell levels left.
You knew the following spells:

 Your Spells              Type           Power      Damage    Failure   Level
a - Beastly Appendage     Tmut           62%        N/A       1%          1
b - Wereblood             Tmut           31%        N/A       1%          2
c - Spider Form           Tmut/Pois      20%        N/A       6%          3
d - Ice Form              Ice/Tmut       28%        N/A       8%          4

Your spell library contained the following spells:

 Spells                   Type           Power      Damage    Failure   Level
 Freeze                   Ice            100%       1d10      1%          1
 Frozen Ramparts          Ice            52%        1d8       3%          3
 Hailstorm                Conj/Ice       15%        3d5       11%         3
 Blink                    Tloc           8%         N/A       21%         2
 Momentum Strike          Conj/Tloc      8%         3d8       21%         2
 Scorch                   Fire           8%         2d5       21%         2
 Lesser Beckoning         Tloc           8%         N/A       38%         3
 Flame Wave               Conj/Fire      4%         2d5       80%         4
 Summon Cactus Giant      Summ           2%         N/A       100%        6
 Borgnjor's Revivificati  Necr           2%         N/A       100%        8
 Necromutation            Tmut/Necr      9%         N/A       100%        8
 Death's Door             Necr           2%         N/A       100%        9

Inventory:

Hand Weapons
 l - the +6 long sword of Cataclysm (weapon) {freeze, +Blink rC+++ Will- Dex-4}
   (You found it on level 3 of the Dungeon)

   Dex:       It affects your dexterity (-4).
   rC:        It renders you almost immune to cold.
   +Blink:    It lets you blink.
   Will:      It decreases your willpower.
Missiles
 c - 109 stones
 r - 3 javelins
 E - 2 boomerangs
 G - 8 poisoned darts
Armour
 a - a +0 robe (worn)
Magical Staves
 k - a staff of air {!a}
   (You found it on level 5 of the Dungeon)
 s - a staff of conjuration {!a}
   (You found it on level 4 of the Dungeon)
Jewellery
 A - an amulet of the acrobat (around neck)
   (You found it on level 5 of the Dungeon)
 C - a ring of protection from cold (right hand)
   (You found it on level 8 of the Dungeon)
 F - a ring of fire
   (You found it on level 4 of the Dungeon)
 Y - a +4 ring of slaying (left hand)
   (You found it on level 8 of the Dungeon)
Wands
 e - a wand of light (12)
   (You found it on level 5 of the Dungeon)
 H - a wand of flame (7)
   (You found it on level 7 of the Dungeon)
 I - a wand of paralysis (11)
   (You found it on level 7 of the Dungeon)
Scrolls
 d - a scroll of torment {!r}
 f - 6 scrolls of noise {!r}
 h - a scroll of enchant weapon
 u - a scroll of blinking {!r}
 x - a scroll of teleportation {@r4}
Potions
 b - a potion of lignification {!q}
 g - a potion of might
 i - a potion of invisibility {unknown}
 j - 2 potions of mutation {unknown}
 m - a potion of brilliance {unknown}
 n - 2 potions of heal wounds {@q2}
 p - 2 potions of berserk rage {unknown}
 q - a potion of cancellation {unknown}
 t - 2 potions of curing {@q1}
 v - a potion of magic {unknown}
 z - 3 potions of flight
 B - 4 potions of haste {unknown}
 J - a potion of degeneration {unknown}
Miscellaneous
 y - a tin of tremorstones (2/2)
   (You found it in a sewer)

Dungeon Overview and Level Annotations

Branches:
Dungeon (8/15) Zot: 26080  Temple (1/1) D:4 Zot: 5861   Sewer (visited)
   Lair: D:8-11

Altars:
Cheibriados
Dithmenos
Fedhas
Gozag
Hepliaklqana
Kikubaaqudgha
Makhleb
Nemelex Xobeh
Okawaru
Qazlal
Ru
Sif Muna
Trog
Uskayaw
Vehumet
Wu Jian
Xom
Yredelemnul

Shops:
D:6 =

Annotations:
D:5 1 transporter, caveywoolpert's ghost, amateur DEEE
D:8 3 runed translucent doors, kae's ghost, novice DsTm
Temple 2 transporters

##.#.# #..### #.#
##.#.############.####### #.#
.[......................###.#####
≈≈≈≈≈≈≈≈≈...≈≈≈≈≈≈≈≈≈≈≈..........
≈≈≈≈≈≈≈≈≈...≈≈≈≈≈≈≈≈≈≈≈.###.#####
#####...........#####≈≈.# #.# #
#...#.###.©)###.#...#≈≈.# #.# #
#g..###©#####.###...#≈≈.###.# #
###......g......@g###≈≈.....# #
.8#.######'###'##g#8.≈≈..#### #
.##g#$ #8..#.g.#g##.≈≈..# #


.#ggW #⌠©.....'g.#.~~..# ## .##g# #8..#.g.#.##.≈≈..# #.
.8#g######'###'##.#8.≈≈.## #. ###...............###≈≈.# #.
#gg.###.#####.###...#≈≈.# #. #ggW#.###.©.###.#...#≈≈.########. You could see 2
gnoll sergeants, a gnoll bouda and 4 gnolls.


Message History

Could not explore, unopened runed door.
Okay, then.
(D) Dungeon (T) Temple
Where to? (Enter - D:8, ? - help) Kae's ghost briefly looks inexplicably like a stone statue.
There is a stone staircase leading up here.
You climb upwards.
There is a stone staircase leading down here.
(D) Dungeon (T) Temple
Where to? (Enter - D:7, ? - help)
There is a stone staircase leading up here.
You climb upwards.
There is a stone staircase leading down here.
(D) Dungeon (T) Temple
Where to? (Enter - D:6, ? - help)
There is a stone staircase leading up here.
You climb upwards.
Level annotation: 2 transporters, caveywoolpert's ghost, amateur DEEE
There is a stone staircase leading down here.
The gnoll bouda shouts!
The gnoll shouts!
You hear a shout! x2
The gnoll sergeant shouts!
There is a transporter here.
You enter the transporter and appear at another place.
The gnoll shouts!
k - a staff of air {!a} The gnoll completely misses you.
You can't go up here!
The gnoll shouts!
The gnoll zaps a wand.
Your mind is blasted!
There is an open translucent door here. 😕 HP[-8]
You take 8 damage, and now have 51/59 hp. 😕 HP[+1]
The gnoll barely misses you.
The gnoll zaps a wand.
You resist with significant effort. 😕 HP[+1]
You feel very mighty all of a sudden.
The gnoll sergeant hits you from afar with a +2 trident of venom!
The gnoll bouda barks out a call to the hunt!
The gnoll sergeant picks up the pace! 😮 HP[-13]
You take 13 damage, and now have 40/59 hp.
MASSIVE DAMAGE!! (PAUSE)
The gnoll bouda barks out a call to the hunt!
The gnoll sergeant completely misses you.
The gnoll completely misses you.
There is an open translucent door here.
Casting: Ice Form (dangerous; 8% risk of failure)
Confirm with . or Enter, or press ? or * to list all spells.
You miscast Ice Form.
You are very lightly contaminated with residual magic.
Nothing appears to happen.
The gnoll sergeant hits you from afar with a +2 trident of venom!
* * * LOW HITPOINT WARNING * * *
You are poisoned.
The gnoll hits you with a +0 flail.
* * * LOW HITPOINT WARNING * * *
The gnoll sergeant hits you from afar with the +8 spear "Cutuppyo" {chaos, rN++ MP-9 Str+6}.
* * * LOW HITPOINT WARNING * * *
The gnoll hits you with a +0 club.
* * * LOW HITPOINT WARNING * * *
😱 HP[-29] MP[-4]
You take 29 damage, and now have 11/59 hp.
MASSIVE DAMAGE!! (PAUSE)
You lost 4 mp, and now have 13/17 mp.
Okay, then.
The gnoll attacks as you move away! The gnoll misses you.
You feel sick.
The gnoll sergeant throws a poisoned dart.
The poisoned dart completely misses you.
The poisoned dart barely misses the gnoll bouda.
The gnoll bouda closely misses you. 😱 HP[-1]
You take 1 damage, and now have 10/59 hp.
Really read
u - 2 scrolls of blinking {!r}?
Blink to where?
Press: ? - help, Dir - move target
As you read the scroll of blinking {!r}, it crumbles to dust.
You feel sick.
The gnoll bouda gazes fiercely through you!
You feel your attacks grow feeble.
The gnoll bouda hits you with a +0 whip.
* * * LOW HITPOINT WARNING * * *
😱 HP[-8]
You take 8 damage, and now have 2/59 hp.
Okay, then.
It was a potion of heal wounds.
Your system partially rejects the healing.
You feel much better.
You feel sick. 😱 HP[+7]
You regained 7 hp, and now have 9/59 hp.
Unknown command.
Unknown command.
It was a potion of curing.
Your system partially rejects the healing.
You feel better.
The gnoll sergeant shouts!
The gnoll sergeant hits you from afar with a +2 trident of venom!
You die...

Skill      XL: |  1  2  3  4  5  6  7  8  9 |
---------------+----------------------------+-----
Transmutations | 2 3 4 5 6 7 |  7.8
Unarmed Combat | 3 4 5 6 |  6.0
Poison Magic   | 1 |  1.7
Spellcasting   | 3 4 5 |  5.5
Ice Magic      | 1 3 5 6 |  6.3
Fighting       | |  1.0
Dodging        | |  1.7

Action                   |  1- 3 |  4- 6 |  7- 9 || total
-------------------------+-------+-------+-------++-------
Melee: Unarmed           |    96 |    93 |   132 ||   321
       Headbutt          |    12 |     1 |       ||    13
       Kick              |    19 |     5 |       ||    24
       Punch             |     2 |       |     1 ||     3
       Long sword        |     4 |    69 |     8 ||    81
       Tailslap          |       |     1 |     1 ||     2
 Cast: Beastly Appendage |    31 |    11 |       ||    42
       Spider Form       |     1 |    16 |     5 ||    22
       Wereblood         |       |     2 |     3 ||     5
       Ice Form          |       |       |    15 ||    15
Invok: Sacrifice Purity  |       |       |     1 ||     1
 Abil: End Transformatio |       |       |     1 ||     1
  Use: Scroll            |       |     4 |     9 ||    13
       Potion            |       |     1 |     3 ||     4
 Stab: Paralysed         |     9 |     5 |     2 ||    16
       Sleeping          |     1 |     1 |       ||     2
Armor: Robe              |     8 |    10 |     1 ||    19
       Skin              |       |     1 |    27 ||    28
Dodge: Dodged            |    72 |   199 |    86 ||   357

Levels and vault maps discovered:
D:1:      sevenhm_arrival_forest_fort_small_4, layout_basic
D:2:      layout_basic, basic_altar
D:3:      layout_rooms, minmay_fractal_squares_gapless_5, uniq_terence
D:4:      layout_layer_cave, minmay_temple_entry_large_hall
D:5:      layout_loops_ring, gammafunk_ghost_gnarly_gnolls,
          gup_sewer_entry_bowl, kennysheep_generic_room_12, uniq_sigmund
D:6:      layout_rooms, serial_shops, nicolae_shop_stone, abandoned_shop,
          minmay_curled_crystal, uniq_pikel
D:7:      layout_loops_ring, mainiacjoe_overflow_boulevard, uniq_menkaure
D:8:      layout_rooms, marbit_many_paths, biasface_ghost_orc_armoury
Temple:   hellmonk_temple_divided_pantheon

Notes
Turn   | Place    | Note
-------+----------+-------------------------------------------
     0 | D:1      | kae the Demonspawn Transmuter began the quest for the Orb.
     0 | D:1      | Reached XP level 1. HP: 15/15 MP: 3/3
     0 | D:1      | magus.rc [v1.11.3]
   209 | D:1      | Reached skill level 2 in Transmutations
   287 | D:1      | Gained mutation: Spells you cast may paralyse adjacent
                  | enemies. [demonic ancestry]
   287 | D:1      | Reached XP level 2. HP: 21/21 MP: 1/5
   804 | D:1      | Reached skill level 3 in Unarmed Combat
   966 | D:2      | Gained mutation: You are surrounded by a mild repulsion
                  | field. (EV +2) [demonic ancestry]
   966 | D:2      | Reached XP level 3. HP: 20/26 MP: 6/6
   975 | D:2      | Learned a level 2 spell: Wereblood
   979 | D:2      | Learned a level 3 spell: Spider Form
  1070 | D:2      | Found a shimmering altar of Xom.
  1207 | D:2      | You pick up a book of Scorching and begin reading...
  1207 | D:2      | You add the spells Scorch, Flame Wave and Summon Cactus
                  | Giant to your library.
  1475 | D:3      | Identified the +6 long sword of Cataclysm {freeze, +Blink
                  | rC+++ Will- Dex-4}
  1552 | D:3      | HP: 6/26 [orc/+1 short sword of electrocution (15)]
  1675 | D:3      | You pick up a book of Spatial Translocations and begin
                  | reading...
  1675 | D:3      | You add the spells Blink, Momentum Strike and Lesser
                  | Beckoning to your library.
  1684 | D:3      | Noticed Terence
  1695 | D:3      | Killed Terence
  1696 | D:3      | Reached skill level 1 in Poison Magic
  1696 | D:3      | Reached XP level 4. HP: 26/32 MP: 3/7
  1767 | D:3      | Reached skill level 3 in Transmutations
  2423 | D:4      | HP: 5/32 [acid (10)]
  2425 | D:4      | Gained mutation: You are surrounded by a moderate repulsion
                  | field. (EV +3) [demonic ancestry]
  2425 | D:4      | Reached XP level 5. HP: 8/37 MP: 2/9
  2781 | D:4      | Found a staircase to the Ecumenical Temple.
  2805 | D:4      | HP: 3/37 [orc priest/divine providence (11)]
  2805 | D:4      | HP: 1/37 [orc/+0 hand axe (2)]
  2807 | D:4      | Reached skill level 3 in Spellcasting
  2810 | D:4      | Reached skill level 4 in Transmutations
  2820 | Temple   | Entered the Ecumenical Temple
  2820 | Temple   | Found a transporter.
  2820 | Temple   | Found a transporter.
  2906 | Temple   | Found a transporter.
  2906 | Temple   | Found a transporter.
  2944 | Temple   | Became a worshipper of Ru the Awakened
  3172 | D:4      | Gained mutation: You have a small tail. [demonic ancestry]
  3172 | D:4      | Reached XP level 6. HP: 41/43 MP: 8/10
  3439 | D:4      | Learned a level 4 spell: Ice Form
  3461 | D:4      | HP: 10/43 [centaur (1)]
  3463 | D:4      | Reached skill level 4 in Unarmed Combat
  3844 | D:5      | Entered Level 5 of the Dungeon
  3932 | D:5      | Reached skill level 1 in Ice Magic
  3964 | D:5      | Found a glowing drain.
  3971 | Sewer    | Entered a sewer
  4262 | Sewer    | Reached XP level 7. HP: 38/48 MP: 8/12
  4619 | D:5      | Reached skill level 2 in Ice Magic
  4696 | D:5      | Found a transporter.
  4700 | D:5      | Found a transporter.
  4709 | D:5      | Identified the +8 spear "Cutuppyo" {chaos, rN++ MP-9 Str+6}
  4709 | D:5      | Identified the +0 scale mail of Zerokhir {Slay+3 SInv}
  4735 | D:5      | Gained mutation: Potions are less effective at restoring
                  | your health. [Ru sacrifice]
  4835 | D:5      | Noticed Sigmund
  4840 | D:5      | Killed Sigmund
  4841 | D:5      | Reached skill level 5 in Transmutations
  5001 | D:5      | Noticed caveywoolpert's ghost (amateur DEEE)
  5157 | D:6      | Reached skill level 4 in Spellcasting
  5157 | D:6      | Reached skill level 3 in Ice Magic
  5184 | D:6      | Gained mutation: You have a tail ending in a sharp stinger.
                  | [demonic ancestry]
  5184 | D:6      | Reached XP level 8. HP: 54/54 MP: 3/14
  5511 | D:6      | Noticed Pikel
  5528 | D:6      | Killed Pikel
  5529 | D:6      | Reached skill level 5 in Unarmed Combat
  5529 | D:6      | Reached skill level 6 in Transmutations
  5529 | D:6      | Reached skill level 4 in Ice Magic
  5609 | D:6      | Found Pezoahol's Jewellery Shoppe.
  5955 | D:7      | You add the spells Borgnjor's Revivification, Necromutation
                  | and Death's Door to your library.
  5979 | D:7      | Noticed Menkaure
  5985 | D:7      | Killed Menkaure
  6020 | D:7      | Reached skill level 5 in Ice Magic
  6020 | D:7      | Gained mutation: You may rarely emit foul miasma when
                  | damaged in melee. [demonic ancestry]
  6020 | D:7      | Reached XP level 9. HP: 58/59 MP: 16/16
  6216 | D:7      | Found a bloodstained altar of Trog.
  6768 | D:8      | Reached skill level 5 in Spellcasting
  6768 | D:8      | Reached skill level 7 in Transmutations
  6909 | D:8      | Reached skill level 6 in Ice Magic
  6913 | D:8      | HP: 12/59 [yak (8)]
  7100 | D:8      | You pick up a book of Frost and begin reading...
  7100 | D:8      | You add the spells Freeze, Frozen Ramparts and Hailstorm to
                  | your library.
  7255 | D:8      | Identified the +1 chain mail of Panentheism {Str-2 Dex+6
                  | SInv}
  7256 | D:8      | Found a runed translucent gate.
  7256 | D:8      | Found a runed translucent gate.
  7256 | D:8      | Found a runed translucent gate.
  7256 | D:8      | Noticed kae's ghost (novice DsTm)
  7328 | D:8      | Found a shimmering blue altar of Sif Muna.
  7421 | D:8      | Reached skill level 6 in Unarmed Combat
  7673 | D:5      | HP: 11/59 [gnoll/+0 club (5)]
  7675 | D:5      | HP: 2/59 [gnoll bouda/+0 whip (6)]
  7677 | D:5      | Slain by a gnoll sergeant

Vanquished Creatures
  Pikel (D:6)
  Sigmund (D:5)
  A wyvern (D:8)
  A steam dragon (D:6)
  6 yaks (D:8)
  Menkaure (D:7)
  A water moccasin (D:8)
  A sky beast (D:6)
  3 centaurs
  A lemure (D:6)
  2 bullfrogs
  A necrophage (D:7)
  2 scorpions
  4 hounds
  3 jellies
  3 orc priests (D:4)
  Terence (D:3)
  An iguana (D:5)
  2 orc wizards (D:6)
  4 gnolls (D:6)
  11 adders
  A white imp (D:5)
  A worm (D:2)
  A dart slug (D:1)
  15 orcs
  9 endoplasms
  10 giant cockroaches
  6 goblins
  7 hobgoblins
  7 kobolds
  12 quokkas
  7 ball pythons
  5 bats
  8 frilled lizards
  5 rats
145 creatures vanquished.

Vanquished Creatures (others)
  6 plants (D:5)
6 creatures vanquished.

Grand Total: 151 creatures vanquished

Table legend:
 A = Non-vault XP
 B = Vault XP
 C = Vault XP percentage of total XP
 D = Non-vault monster count
 E = Vault monster count
 F = Vault count percentage of total count
                 A         B        C        D         E       F
            +---------+---------+-------+---------+---------+-------
      Total |    3429 |    1302 |  27.5 |     109 |      35 |  24.3
            +---------+---------+-------+---------+---------+-------
        D:1 |      31 |       0 |   0.0 |      18 |       0 |   0.0
        D:2 |      34 |       0 |   0.0 |      18 |       0 |   0.0
        D:3 |      37 |      41 |  52.6 |      16 |       4 |  20.0
        D:4 |     463 |       0 |   0.0 |      22 |       0 |   0.0
        D:5 |     153 |     251 |  62.1 |       6 |       3 |  33.3
        D:6 |     676 |     651 |  49.1 |      16 |       1 |   5.9
        D:7 |     243 |     165 |  40.4 |       3 |       1 |  25.0
        D:8 |    1792 |       3 |   0.2 |      10 |       1 |   9.1
      Sewer |       0 |     191 | 100.0 |       0 |      25 | 100.0
            +---------+---------+-------+---------+---------+-------

Illustrated notes

Table legend:
 A = Kills in this place as a percentage of kills in entire the game.
 B = Kills by you in this place as a percentage of kills by you in the entire game.
 C = Kills by friends in this place as a percentage of kills by friends in the entire game.
 D = Other kills in this place as a percentage of other kills in the entire game.
 E = Experience gained in this place as a percentage of experience gained in the entire game.
 F = Experience gained in this place divided by the number of levels of this place that you have seen.
                   A       B       C       D       E      F
               +-------+-------+-------+-------+-------+----------------------
         Total | 100.0 | 100.0 |   N/A |   N/A | 100.0 | 473.1
       Dungeon |  82.6 |  82.6 |   N/A |   N/A |  96.0 | 567.5
         Sewer |  17.4 |  17.4 |   N/A |   N/A |   4.0 | 191.0
               +-------+-------+-------+-------+-------+----------------------

Table legend: (Time is in decaauts)
 A = Elapsed time spent in this place.
 B = Non-inter-level travel time spent in this place.
 C = Inter-level travel time spent in this place.
 D = Time resting spent in this place.
 E = Time spent auto-exploring this place.
 F = Levels seen in this place.
 G = Mean time per level.
                   A        B        C        D        E       F      G
               +--------+--------+--------+--------+--------+-----+--------+
         Total |   7789 |   7532 |    257 |    315 |   5972 |  10 |  778.9 |
       Dungeon |   6962 |   6712 |    250 |    286 |   5405 |   8 |  870.2 |
        Temple |    138 |    131 |      7 |      0 |    110 |   1 |  138.0 |
         Sewer |    688 |    688 |      0 |     29 |    456 |   1 |  688.0 |
               +--------+--------+--------+--------+--------+-----+--------+

Top non-repeatable levels by time:
     D:4: 1323 daAuts
     D:1: 943 daAuts
     D:3: 928 daAuts
     D:7: 867 daAuts
     D:8: 819 daAuts
     D:6: 798 daAuts
     D:5: 755 daAuts
   Sewer: 688 daAuts
     D:2: 525 daAuts
  Temple: 138 daAuts
